 Dungeon Crawl Stone Soup version 0.18-a0-1171-ga8e22e7 (webtiles) character file.

25 st0uf the Ruffian (level 2, 0/23 HPs)
             Began as a Draconian Transmuter on Jan 26, 2016.
             Was an Initiate of Vehumet.
             Slain by an adder (1 damage)
             ... on level 2 of the Dungeon.
             The game lasted 00:03:44 (1168 turns).

st0uf the Ruffian (Draconian Transmuter)            Turns: 1168, Time: 00:03:44

Health: 0/23       AC:  4    Str: 17    XL:     2   Next: 86%
Magic:  5/5        EV: 12    Int: 13    God:    Vehumet [......]
Gold:   68         SH:  0    Dex: 11    Spells: 1 memorised, 4 levels left

rFire  . . .     SeeInvis .       - Unarmed
rCold  . . .     Gourm    .     (armour unavailable)
rNeg   . . .     Faith    .     (no shield)
rPois  .         Spirit   .     (helmet restricted)
rElec  .         Dismiss  .     (no cloak)
rCorr  .         Reflect  .     (no gloves)
SustAt .         Harm     .     (no boots)
MR     .....                    (no amulet)
Stlth  +.........               (no ring)
                                (no ring)

@: mighty, lethally poisoned (0 -> -8), appendage (expiring), not resistant to
hostile enchantments, very unstealthy
A: unfitting armour, horns 2, cold-blooded, AC +4
a: End Transformation, Renounce Religion


You were on level 2 of the Dungeon.
You worshipped Vehumet.
Vehumet was noncommittal.
You were not hungry.
You had grown temporary horns.
You visited 1 branch of the dungeon, and saw 2 of its levels.

You collected 68 gold pieces.

Inventory:

Missiles
 a - 32 arrows
Scrolls
 d - a scroll of enchant armour {unknown}
 e - a scroll of blinking {unknown}
 h - a scroll of identify {unknown}
 i - a scroll of teleportation {unknown}
 j - a scroll of magic mapping {unknown}
 k - 2 scrolls of enchant weapon {unknown}
Potions
 o - a potion of resistance {unknown}
 p - a potion of curing {unknown}
 q - a potion of cure mutation {unknown}
Books
 b - a book of Changes

   Spells                             Type                      Level
   a - Beastly Appendage              Transmutation                1
   b - Sticks to Snakes               Transmutation                2
   c - Spider Form                    Transmutation/Poison         3
   d - Ice Form                       Ice/Transmutation            4
   e - Blade Hands                    Transmutation                5
Comestibles
 c - 2 bread rations
 g - a slice of pizza
 l - 2 meat rations
 m - a beef jerky
 n - a chunk of flesh


   Skills:
 + Level 1.3 Fighting
 + Level 1.8 Dodging
 * Level 3.5 Unarmed Combat
 + Level 2.1 Spellcasting
 * Level 2.5 Transmutations


You had 4 spell levels left.
You knew the following spells:

 Your Spells              Type           Power        Failure   Level  Hunger
a - Beastly Appendage     Trmt           #.....       10%         1    ##.....


Dungeon Overview and Level Annotations

Branches:
Dungeon (2/15)

Altars:
Kikubaaqudgha
Makhleb
Vehumet


Innate Abilities, Weirdness & Mutations

Your plain brown scales are hard (AC +4).
Your body does not fit into most forms of armour.
You are cold-blooded and may be slowed by cold attacks.
You have a pair of horns on your head.


Message History

You hit the adder but do no damage. Your headbutt misses the adder.
The adder bites you but does no damage.
You hit the adder.
The adder is moderately wounded.
The adder bites you.
You barely miss the adder.
The adder is moderately wounded.
You feel sick. The adder misses you.
You miss the adder. Your punch misses the adder.
The adder is moderately wounded.
The adder bites you.
* * * LOW HITPOINT WARNING * * *
You are more poisoned.
The adder poisons you! The adder closely misses you.
Drink which item? (? for menu, Esc to quit)
It was a potion of might.
You feel very mighty all of a sudden.
* * * LOW HITPOINT WARNING * * *
You feel sick. The adder bites you.
You die...

##.# ....
##..###
##.....
..... ...
#S# #@# #.#
##'##
##...##
##.....##
##.......##
#.........#
+.........+
#.........#


You could see an adder.

Vanquished Creatures
  5 bats
  A bat zombie (D:2)
  A giant cockroach (D:2)
  2 goblins (D:1)
  6 hobgoblins
  2 ball pythons (D:1)
  A giant newt (D:1)
  A kobold (D:2)
  3 rats (D:1)
  2 rat zombies (D:2)
24 creatures vanquished.

Notes
Turn   | Place    | Note
--------------------------------------------------------------
     0 | D:1      | st0uf the Draconian Transmuter began the quest for the Orb.
     0 | D:1      | Reached XP level 1. HP: 16/16 MP: 3/3
   144 | D:1      | Reached XP level 2. HP: 20/23 MP: 5/5
   755 | D:2      | Found a radiant altar of Vehumet.
   755 | D:2      | Found a burning altar of Makhleb.
   760 | D:2      | Became a worshipper of Vehumet
  1104 | D:2      | Found an ancient bone altar of Kikubaaqudgha.
  1168 | D:2      | HP: 1/23 [poisoned by an adder]
  1168 | D:2      | Slain by an adder

Vault maps used:
D:1:      minmay_arrival_arboretum_large
D:2:      grunt_temple_overflow_gold_and_silver,
          gammafunk_temple_overflow_statue, lemuel_zombie_altar_kikubaaqudgha

Action                   || total
-------------------------++-------
Melee: Unarmed           ||    71
 Cast: Beastly Appendage ||    13
  Use: Potion            ||     1
  Eat: Chunk             ||     1
